sylranhack, neutral female sylph Ranger -------- -------- |......| |.......##### |......| |......| # --------------- |>...`.| |......| #[# ------------- ##..............| -.------ #-......| # |`)........`| # |.............| # ###|......| ### |.....`.....|#######.........<....| # # |......| # |.[.-----...|# # -.------------- # ### -------- ##)...|.{.|...|#### ######## # # |[.ME{@{|`..|## # # ### |.[.|.{.|...+##### ####### ## ## # |..f-----[..|# # -|--|-- --.---# |.....`......###`########......| |....|# |`.........`|# |....^| |.....# ------------- |.....| |....|#` ------- |....-# ------ sylranhack the Trailblazer Experience level: 8 Strength: 16 Dexterity: 12 Constitution: 14 Intelligence: 14 Wisdom: 13 Charisma: 8 Health: 0(53) Energy: 46(46) Def: 3 Gold: 0 Moves: 6866 Dungeon seed: yObjpJdP_YaP2zy- Game ID: sylranhack_1462545589 Your Inventory: Amulets F - a cursed amulet of reflection Weapons a - an uncursed +1 dagger (alternate weapon; not wielded) b - an uncursed +2 bow (weapon in hand) c - 57 uncursed +2 arrows d - 28 uncursed +0 arrows (in quiver) O - 9 uncursed poisoned +0 orcish arrows Armor e - an uncursed +2 cloak of displacement (being worn) q - a cursed -1 dwarvish cloak Comestibles f - 4 uncursed fortune cookies h - a cursed sprig of wolfsbane i - an uncursed carrot p - 5 cursed cherries r - 4 cursed tripe rations s - 9 uncursed food rations w - an uncursed lizard corpse x - 2 uncursed cherries H - 4 uncursed tripe rations K - an uncursed sprig of wolfsbane R - an uncursed pear S - an uncursed egg U - an uncursed clove of garlic V - an uncursed apple Wands g - an uncursed wand of slow monster (0:3) j - an uncursed wand of magic missile (0:6) l - an uncursed wand of lightning (0:6) o - a cursed wand of cancellation (0:4) y - a cursed wand of secret door detection (0:11) L - an uncursed wand of make invisible (0:2) Tools k - an uncursed skeleton key G - an uncursed towel I - a cursed magic lamp J - a cursed leash M - a cursed lock pick P - an uncursed towel named noncursed Spells and supernatural/magical abilities: Name Level Category Fail Memory W - pray for help -- divine ? -- Your skills at the end: Miscellaneous Skills wands [Basic] Weapon Skills dagger [Basic] bow [Basic] Spellcasting Skills Final Attributes: You were devoutly aligned. You saw invisible. You had automatic searching. You had infravision. You were displaced. You were stealthy. You were protected from shape changers. You are dead (3rd time!). Vanquished creatures: a small mimic a tengu a chameleon a crocodile 2 human mummies a giant beetle 2 wolves a lynx a lizard an orc-captain a giant spider an iron piercer 2 gold golems a werewolf a jaguar a dwarf lord 2 dust vortices a gnome mummy a snake a bugbear 2 wood nymphs 8 Uruk-hai a rock mole a rock piercer 2 ponies 2 fog clouds a yellow light a shrieker a black naga hatchling a guardian naga hatchling a ghoul 3 straw golems 2 little dogs 5 floating eyes a kitten 2 homunculi a kobold lord 11 hill orcs a rothe 2 centipedes a giant bat a monkey 6 orc zombies a dwarf zombie a werejackal a hobbit a large kobold 3 geckos 4 hobgoblins a giant rat a brown mold a green mold 2 red molds a gnome 3 garter snakes 2 manes a gnome zombie 18 jackals a fox a kobold 7 newts a goblin 6 grid bugs 6 lichens 2 kobold zombies 146 creatures vanquished. Voluntary challenges: You followed a strict vegan diet. You were an atheist. You used a wielded weapon 133 times, starting on turn 22. You did not apply a unicorn horn. You read items or engraved 7 times, starting on turn 1289. You never genocided any monsters. You never polymorphed an object. You never changed form. You used no wishes. You never split a pudding. You wrote Elbereth's name 7 times, starting on turn 1289. You never violated your personal moral code. Dungeon overview: The Dungeons of Doom: levels 1 to 10 Level 1 a long staircase Level 2 Level 3 Level 4 a general store, a fountain, a sink stairs to The Gnomish Mines Level 5 (STASH) a fountain, a throne Level 6 Level 7 some fountains Level 8 <- You were here many fountains Level 9 stairs to Sokoban Level 10 The Gnomish Mines: Level 5 stairs to The Dungeons of Doom Sokoban: levels 6 to 8 Level 6 Level 7 Level 8 a magic chest stairs to The Dungeons of Doom History has recorded: On T:1 you entered the Dungeons of Doom to retrieve the Amulet of Yendor! On T:39 you reached level 2 of The Dungeons of Doom. On T:648 you reached level 3 of The Dungeons of Doom. On T:693 you advanced to experience level 2. On T:859 you reached level 4 of The Dungeons of Doom. On T:983 you advanced to experience level 3. On T:1000 you reached level 1 of The Gnomish Mines. On T:1040 you reached level 5 of The Dungeons of Doom. On T:1550 you advanced to experience level 4. On T:2142 you reached level 6 of The Dungeons of Doom. On T:2494 you advanced to experience level 5. On T:2659 you reached level 7 of The Dungeons of Doom. On T:2721 you advanced to experience level 6. On T:2751 you reached level 8 of The Dungeons of Doom. On T:3862 you reached level 9 of The Dungeons of Doom. On T:3947 you reached level 4 of Sokoban. On T:4027 you were saved from death by your amulet of life saving! On T:4079 you advanced to experience level 7. On T:4165 you opened a magic chest. On T:4173 you opened a magic chest. On T:4176 you opened a magic chest. On T:4409 you reached level 3 of Sokoban. On T:4637 you opened a magic chest. On T:5455 you advanced to experience level 8. On T:5474 you reached level 2 of Sokoban. On T:6222 you opened a magic chest. On T:6320 you opened a magic chest. On T:6504 you reached level 10 of The Dungeons of Doom. On T:6585 you were saved from death by your amulet of life saving! On T:6669 you opened a magic chest. Score breakdown: Gold: 0 ( 0 points) Experience: 8 levels ( 700 points) Exploration: 10 levels ( 270 points) Discoveries: 6 items ( 300 points) Variety of kills: 65 monsters ( 2000 points) Major goal: (nothing yet) ( 0 points) Survival: died (score multiplied by 3) Total score: 9810 Latest messages: You put a wand of slow monster into the magic chest. (2x) You put a red gem into the magic chest. You put a violet gem into the magic chest. You put a yellowish brown gem into the magic chest. E - a clear potion. $ - 459 gold pieces. There is a grave here. Something is engraved here on the headstone. You read: "cavehack, killed by a leocrotta". There are many more objects here. The arrow hits the ettin mummy. The ettin mummy scratches you! (2x) You die... Final status: Goodbye sylranhack the Ranger, killed by an ettin mummy... You died in The Dungeons of Doom on dungeon level 8 with 9810 points, and 0 pieces of gold, after 6866 moves. You were level 8 with a maximum of 53 hit points when you died.